 Dungeon Crawl Stone Soup version 0.26-a0-668-gd58323b419 (webtiles) character file.

Game seed: 2854629211034650779

18224 Paroid the Spear-Bearer (level 12, 0/96 HPs)
             Began as a Human Fighter on Oct 19, 2020.
             Killed from afar by a frost giant (20 damage)
             ... with a bolt of cold
             ... in an ice cave.
             The game lasted 00:59:20 (18234 turns).

Paroid the Spear-Bearer (Human Fighter)            Turns: 18234, Time: 00:59:20

Health: 0/96       AC: 16    Str: 20    XL:     12   Next: 92%
Magic:  12/12      EV: 13    Int:  9    God:
Gold:   531        SH: 12    Dex: 17    Spells: 7/11 levels left

rFire    + . .     SeeInvis .   a - +0 trident (venom)
rCold    + . .     Faith    .   n - +0 kite shield
rNeg     . . .     Spirit   .   C - +5 ring mail of Free Expression {Dex+3}
rPois    +         Reflect  .   w - +0 helmet
rElec    +         Harm     .   E - +1 cloak {rCorr}
rCorr    +         Rampage  .   v - +0 pair of gloves
MR       +....                  (no boots)
Stlth    +.........             (no amulet)
HPRegen  0.26/turn              P - ring of poison resistance
MPRegen  0.13/turn              M - ring of protection from magic

@: mighty, resistant, studying Hexes
A: no striking features
a: no special abilities


You were in an ice cave.
You visited 2 branches of the dungeon, and saw 13 of its levels.
You also visited: Ice Cave.

You collected 688 gold pieces.
You spent 157 gold pieces at shops.

Inventory:

Hand Weapons
 a - a +0 trident of venom (weapon)
 b - a +1 dagger of electrocution
Missiles
 f - 6 atropa-tipped darts
 h - 8 boomerangs of dispersal {!f}
 l - 6 javelins
 s - 13 boomerangs
 O - 14 poisoned darts (quivered)
 Y - 8 curare-tipped darts {!f}
Armour
 j - a +0 ring mail of cold resistance
 n - a +0 kite shield (worn)
 v - a +0 pair of gloves (worn)
 w - a +0 helmet (worn)
 C - the +5 ring mail of Free Expression (worn) {Dex+3}
   (You found it on level 4 of the Dungeon)

   It affects your dexterity (+3).
 D - a +1 robe of magic resistance
 E - a +1 cloak of preservation (worn)
Magical Staves
 p - an uncursed staff of poison
Jewellery
 I - an uncursed ring of see invisible
 L - the ring "Fugiediha" {rF+ rCorr Dex+6 Stlth-}
   (You found it on level 8 of the Dungeon)

   [ring of resist corrosion]

   It affects your dexterity (+6).
   It protects you from fire.
   It provides partial protection from all sources of acid and corrosion.
   It makes you less stealthy.
 M - a ring of protection from magic (right hand)
 P - a ring of poison resistance (left hand)
 W - an uncursed ring of wizardry
Wands
 e - a wand of paralysis (7)
 B - a wand of iceblast (5)
 R - a wand of acid (12)
Scrolls
 i - 6 scrolls of remove curse {@r2}
 m - 2 scrolls of blinking {unknown}
 q - 2 scrolls of fog
 t - a scroll of immolation
 u - 3 scrolls of fear
 A - 2 scrolls of enchant weapon
 H - a scroll of noise {unknown}
 N - 2 scrolls of amnesia {unknown}
 Q - 8 scrolls of teleportation
Potions
 c - a potion of resistance
 d - 4 potions of might
 g - 9 potions of curing {@q1}
 k - 2 potions of mutation
 o - 2 potions of stabbing
 r - a potion of flight
 x - 4 potions of lignification
 G - a potion of haste
 J - 2 potions of ambrosia
Books
 F - a manual of Hexes
Miscellaneous
 U - a tin of tremorstones (3/3)


   Skills:
 + Level 9.4 Fighting
 + Level 11.8 Polearms
 - Level 5.5 Armour
 - Level 5.0 Dodging
 + Level 9.4 Shields
 + Level 8.7 Evocations


You had 7 spell levels left.
You knew the following spells:

 Your Spells              Type           Power        Failure   Level
a - Magic Dart            Conj           #...         80%         1
b - Dazzling Flash        Conj/Hex       #.....       99%         3

Your spell library contained the following spells:

 Spells                   Type           Power        Failure   Level
 Searing Ray              Conj           #.....       90%         2
 Fulminant Prism          Conj/Hex       #.........   100%        4
 Iskenderun's Mystic Bla  Conj/Tloc      #.......     100%        4
 Irradiate                Conj/Tmut      #.........   100%        5
 Hydra Form               Tmut           #.........   100%        6
 Statue Form              Tmut/Erth      #........    100%        6
 Dragon Form              Tmut           #.........   100%        7


Dungeon Overview and Level Annotations

Branches:
Dungeon (12/15)            Temple (1/1) D:4            Lair (0/6) D:8
    Orc (0/2) D:12          IceCv (1/1)

Altars:
Ashenzari
Cheibriados
Dithmenos
Elyvilon
Fedhas
Gozag
Hepliaklqana
Kikubaaqudgha
Makhleb
Nemelex Xobeh
Okawaru
Qazlal
Ru
Sif Muna
Trog
Uskayaw
Vehumet
Wu Jian
Xom
Yredelemnul
Zin
The Shining One

Shops:
D:4 ?=   D:6 ?*((   D:9 =*([[


Message History

You puncture the frost giant!
The frost giant is moderately wounded.
You block the frost giant's attack.
You hit the frost giant but do no damage.
The frost giant looks as sick as possible!
The frost giant is moderately wounded.
You hit the frost giant but do no damage.
The frost giant looks as sick as possible!
The frost giant is moderately wounded.
The frost giant hits you with a +0 battleaxe of freezing!!
* * * LOW HITPOINT WARNING * * *
The frost giant freezes you!
* * * LOW HITPOINT WARNING * * *
Okay, then.
You hit the frost giant but do no damage.
The frost giant looks as sick as possible!
The frost giant is moderately wounded.
The frost giant casts a spell at you. The bolt of cold hits you!! You resist.
You die...

..##..##
##≈≈#≈≈##.⌠.#
.######
#≈≈≈≈≈≈≈##.##
##
#≈≈≈≈≈≈#≈###.#
#
≈≈≈≈≈#≈#≈.##.##
#
≈≈#≈≈≈##.##.##
#≈≈≈≈≈#..#.##
#≈#≈≈##.##..#
≈≈≈≈≈ #÷###.#
#≈≈≈ ##@#C##
#.C÷.# ##.#.#
###.## ##k#
##.# #..# #.##
#k##


You could see a frost giant (extremely poisoned).

Vanquished Creatures
  A hydra (D:11)
  2 death yaks (IceCv)
  2 gargoyles
  4 rime drakes
  The ghost of Whiskey the Conjurer, a novice OpCj (D:4)
  A troll (D:11)
  13 polar bears (IceCv)
  A hornet (D:10)
  Grinder (D:6)
  2 wyverns (D:10)
  22 yaks
  A water moccasin (D:10)
  Duvessa (D:5)
  A black bear (D:7)
  A hornet zombie (D:9)
  A necrophage (D:7)
  4 ice beasts
  5 orc warriors
  A phantom (D:8)
  3 sky beasts
  4 ogres
  13 wolves (IceCv)
  3 centaurs
  2 big kobolds
  8 bullfrogs
  Dowan (D:5)
  3 scorpions
  18 killer bees
  17 wights
  2 centaur zombies
  2 bullfrog zombies
  12 orc priests
  Crazy Yiuf (D:4)
  4 hounds
  15 orc wizards
  3 bullfrog skeletons
  2 centaur skeletons
  An iguana (D:7)
  12 worker ants
  Robin (D:4)
  A howler monkey skeleton (D:6)
  19 gnolls
  23 adders
  2 shadow imps
  2 white imps
  2 ufetubi
  An ooze (D:1)
  4 adder skeletons
  4 worms
  4 leopard geckos
  39 orcs
  11 bats
  3 giant cockroaches
  15 goblins
  8 hobgoblins
  17 jackals
  3 quokkas
  3 ball pythons
  2 frilled lizards
  17 kobolds
  A quokka skeleton (D:4)
  9 rats
382 creatures vanquished.

Vanquished Creatures (others)
  A polar bear (IceCv)
  A yak (IceCv)
  An orc warrior (D:10)
  A wolf (IceCv)
  An orc wizard (D:10)
  2 orc priests (D:10)
  4 orcs (D:10)
11 creatures vanquished.

Grand Total: 393 creatures vanquished

Notes
Turn   | Place    | Note
-------+----------+-------------------------------------------
     0 | D:1      | Paroid the Human Fighter began the quest for the Orb.
     0 | D:1      | Reached XP level 1. HP: 18/18 MP: 1/1
    71 | D:1      | Reached XP level 2. HP: 24/24 MP: 2/2
    87 | D:1      | Reached skill level 3 in Polearms
   342 | D:1      | Reached XP level 3. HP: 29/29 MP: 3/3
  1118 | D:2      | Reached skill level 4 in Polearms
  1118 | D:2      | Reached XP level 4. HP: 33/35 MP: 4/4
  1991 | D:2      | Reached skill level 5 in Polearms
  1991 | D:2      | Reached XP level 5. HP: 33/41 MP: 5/5
  3472 | D:4      | Found a runed translucent door.
  3473 | D:4      | Noticed Crazy Yiuf
  3698 | D:4      | Noticed Robin
  3740 | D:4      | Killed Robin
  3740 | D:4      | Reached XP level 6. HP: 34/47 MP: 6/6
  3885 | D:4      | Found Dujiw's Magic Scroll Boutique.
  3899 | D:4      | Reached skill level 6 in Polearms
  4091 | D:4      | Bought a scroll of magic mapping for 45 gold pieces
  4091 | D:4      | Bought a scroll of identify for 26 gold pieces
  4091 | D:4      | Bought a scroll of identify for 26 gold pieces
  4100 | D:4      | Found a staircase to the Ecumenical Temple.
  4110 | Temple   | Entered the Ecumenical Temple
  4512 | D:4      | Found a shadowy altar of Dithmenos.
  4543 | D:4      | Reached skill level 7 in Polearms
  4543 | D:4      | Reached XP level 7. HP: 26/52 MP: 7/7
  4889 | D:4      | Found a runed translucent door.
  4890 | D:4      | Noticed Whiskey's ghost (novice OpCj)
  4926 | D:4      | Killed Whiskey's ghost
  4926 | D:4      | Reached skill level 8 in Polearms
  5179 | D:4      | Found a runed translucent door.
  5214 | D:4      | Got a slimy ring mail
  5266 | D:4      | Reached XP level 8. HP: 58/58 MP: 8/8
  5448 | D:4      | Found Jiera's Jewellery Shop.
  5688 | D:4      | Killed Crazy Yiuf
  5926 | D:5      | Entered Level 5 of the Dungeon
  6138 | D:5      | Reached skill level 1 in Evocations
  6190 | D:5      | Reached skill level 1 in Dodging
  7088 | D:6      | Found Vugeus's Antique Weapon Boutique.
  7104 | D:6      | Noticed Duvessa
  7104 | D:6      | Noticed Dowan
  7269 | D:4      | Identified the +5 ring mail of Free Expression {Dex+3} (You
                  | found it on level 4 of the Dungeon)
  7428 | D:5      | Reached skill level 9 in Polearms
  7484 | D:5      | Killed Duvessa
  7484 | D:5      | Reached XP level 9. HP: 65/65 MP: 9/9
  7825 | D:5      | Killed Dowan
  8002 | D:6      | Found Orhuq's Antique Weapon Boutique.
  8039 | D:6      | Found Qeusig's Magic Scroll Shop.
  8057 | D:6      | Noticed Grinder
  8072 | D:6      | Killed Grinder
  8547 | D:6      | Found Gef Dow's General Store.
  8552 | D:6      | Bought a potion of heal wounds for 60 gold pieces
  9151 | D:7      | Reached skill level 5 in Shields
  9154 | D:7      | Reached skill level 5 in Fighting
  9387 | D:7      | Reached skill level 5 in Armour
  9387 | D:7      | Reached XP level 10. HP: 63/74 MP: 10/10
 10404 | D:8      | Found a staircase to the Lair.
 10559 | D:8      | Found a shimmering altar of Xom.
 10560 | D:8      | Found a shimmering altar of Xom.
 10561 | D:8      | Found a shimmering altar of Xom.
 10562 | D:8      | Found a shimmering altar of Xom.
 10562 | D:8      | Found a shimmering altar of Xom.
 10563 | D:8      | Found a shimmering altar of Xom.
 10563 | D:8      | Found a shimmering altar of Xom.
 10787 | D:8      | Found a sacrificial altar of Ru.
 11094 | D:8      | Learned a level 1 spell: Magic Dart
 11098 | D:8      | Learned a level 3 spell: Dazzling Flash
 11297 | D:8      | Got a coiled pewter ring
 11299 | D:8      | Identified the ring "Fugiediha" {rF+ rCorr Dex+6 Stlth-}
                  | (You found it on level 8 of the Dungeon)
 11380 | D:8      | Noticed a queen ant
 11384 | D:8      | Noticed a sea snake
 11721 | D:9      | Found Gopsad's Antique Armour Emporium.
 11879 | D:9      | Found Arraps's Antique Weapon Boutique.
 11890 | D:9      | Reached skill level 10 in Polearms
 11970 | D:9      | Reached skill level 5 in Dodging
 11970 | D:9      | Reached skill level 5 in Evocations
 12074 | D:9      | Found Wyegro's Antique Armour Shoppe.
 12356 | D:9      | Found Neusmid's Jewellery Shoppe.
 12574 | D:9      | Found Jeemeeq's General Store.
 12657 | D:10     | Entered Level 10 of the Dungeon
 12937 | D:10     | Noticed a gargoyle
 12957 | D:8      | Killed a gargoyle
 12957 | D:8      | Reached XP level 11. HP: 23/83 MP: 11/11
 14737 | D:11     | Noticed a four-headed hydra
 14761 | D:11     | Killed a four-headed hydra
 15684 | D:12     | Reached skill level 11 in Polearms
 15825 | D:12     | Found a frozen archway.
 15845 | D:12     | Reached XP level 12. HP: 50/92 MP: 12/12
 15852 | IceCv    | Entered an ice cave
 17039 | IceCv    | Noticed a death yak
 17041 | IceCv    | Noticed a death yak
 17076 | IceCv    | Killed a death yak
 17113 | IceCv    | Killed a death yak
 17842 | IceCv    | Noticed a frost giant
 18234 | IceCv    | Killed from afar by a frost giant

Illustrated notes

Levels and vault maps discovered:
D:1:      lemuel_arrival_tunnels, layout_loops_ring, minmay_pentomino_t4
D:2:      minmay_recursive_quarters, layout_loops_cross
D:3:      layout_basic, serial_bayou_lake_a
D:4:      layout_cave_pods, minmay_temple_entry_tees, serial_shops,
          nicolae_shop_stone, shop, ebering_ghost_sewer_f,
          nicolae_dithmenos_shadow_blocks, uniq_crazy_yiuf_cottage, uniq_robin
D:5:      layout_rooms, st_stairs_10, roderic_lattice_a, minmay_misc_feat_room,
          minmay_manual_mares
D:6:      layout_basic, serial_shops, kennysheep_little_box, nicolae_shop_stone,
          shop, shop, minmay_misc_feat_enclosed, uniq_duvessa, uniq_grinder
D:7:      layout_loops_ring, minmay_fractal_squares_5
D:8:      layout_loops_corners, xom_shifter_show, lair_entry_dummy,
          dk_noncrumbling_3, nicolae_ru_great_annihilating_truth
D:9:      layout_roguey, serial_shops, nicolae_shop_window_shopping,
          nicolae_shop_competitors_out_of_business, shop, shop, shop,
          minmay_misc_feat_rows
D:10:     layout_basic, lemuel_flamethrower_2
D:11:     layout_small_grid
D:12:     layout_gridville, erik_orc_1, portal_ice_cave_rime,
          kennysheep_kite_vault, uniq_kirke
Temple:   nicolae_temple_the_god_donut
IceCv:    ice_cave_caverns_03

Skill      XL: |  1  2  3  4  5  6  7  8  9 10 11 12 |
---------------+-------------------------------------+-----
Polearms       | 3 4 5 7 8 9 10 11 | 11.8
Evocations     | 2 3 5 7 8 |  8.7
Dodging        | 2 3 5 |  5.0
Fighting       | 4 5 6 8 9 |  9.4
Armour         | 4 5 |  5.5
Shields        | 4 5 6 8 9 |  9.4

Action                   |  1- 3 |  4- 6 |  7- 9 | 10-12 || total
-------------------------+-------+-------+-------+-------++-------
Melee: Trident           |   128 |   190 |   354 |  1206 ||  1878
       Dagger            |       |    70 |    85 |    56 ||   211
 Fire: Hunting sling     |       |     6 |       |       ||     6
Throw: Dart              |       |       |       |     5 ||     5
Evoke: Wand              |       |       |     1 |     5 ||     6
  Use: Scroll            |       |     8 |     3 |     6 ||    17
       Potion            |       |       |       |     5 ||     5
Armor: Scale mail        |    54 |    84 |    74 |       ||   212
       Ring mail         |       |       |    68 |   315 ||   383
Dodge: Dodged            |    22 |    48 |   100 |   418 ||   588
Block: Kite shield       |    53 |    92 |   177 |   538 ||   860

Table legend: (Time is in decaauts)
 A = Elapsed time spent in this place.
 B = Non-inter-level travel time spent in this place.
 C = Inter-level travel time spent in this place.
 D = Time resting spent in this place.
 E = Time spent auto-exploring this place.
 F = Levels seen in this place.
 G = Mean time per level.
                   A        B        C        D        E       F      G
               +--------+--------+--------+--------+--------+-----+--------+
         Total |  18150 |  16960 |   1190 |   5087 |   5720 |  14 | 1296.4 |
       Dungeon |  15550 |  14370 |   1180 |   3614 |   5425 |  12 | 1295.8 |
        Temple |    258 |    248 |     10 |      0 |    227 |   1 |  258.0 |
      Ice Cave |   2341 |   2341 |      0 |   1473 |     68 |   1 | 2341.0 |
               +--------+--------+--------+--------+--------+-----+--------+

Top non-repeatable levels by time:
     D:4: 2752 daAuts
   IceCv: 2341 daAuts
    D:10: 1731 daAuts
     D:7: 1574 daAuts
     D:8: 1518 daAuts
     D:3: 1333 daAuts
     D:2: 1232 daAuts
     D:5: 1223 daAuts
     D:9: 1122 daAuts
     D:1: 1118 daAuts
     D:6: 981 daAuts
    D:11: 820 daAuts
  Temple: 258 daAuts
    D:12: 142 daAuts
